 Dungeon Crawl Stone Soup version 0.28-a0-662-g1651b1f1e0 (webtiles) character file.

Game seed: 6779347078915985185

1529435 emiel the Hoplite (level 26, 172/172 HPs)
             Began as a Gargoyle Earth Elementalist on Oct 14, 2021.
             Was the Champion of Ru.
             Escaped with the Orb
             ... and 3 runes!
             The game lasted 01:34:46 (78321 turns).

emiel the Hoplite (Gargoyle Earth Elementalist)    Turns: 78321, Time: 01:34:47

Health: 172/172    AC: 27    Str: 13    XL:     26   Next: 32%
Magic:  54/54      EV: 12    Int: 27    God:    Ru [******]
Gold:   5476       SH: 30    Dex: 10    Spells: 28/62 levels left

rFire   + + +      SeeInvis .   l - staff of earth
rCold   + . .      Faith    .   Z - +7 tower shield "Keawk" {rF+ rCorr}
rNeg    + + +      Spirit   .   g - +2 robe {Archmagi}
rPois   ∞          Reflect  .   L - +0 helmet of Puetineg {Harm Drain rPois rN++}
rElec   +          Harm     +   C - +0 cloak of the Scribe {rF++ Regen+}
rCorr   +          Rampage  .   R - +0 pair of gloves "Ennek" {rPois rN+ rCorr}
Will    ++...      Archmagi +   Y - +2 pair of boots
Stlth   ..........              j - amulet of magic regeneration
HPRegen 1.38/turn               p - ring of Jadamp {rC+ rN+ MP+9}
MPRegen 0.59/turn               e - ring of willpower

@: flying, studying 3 skills
A: sickness immunity, AC +20, big wings, negative energy resistance 1,
electricity resistance, torment resistance 1, petrification resistance,
inability to read while threatened, no stealth, hated by all, no fire magic, no
hexes magic, no necromancy magic, reduced AC 1, reduced EV 1, screaming 1
0: Orb of Zot
}: 3/15 runes: decaying, serpentine, silver
a: Renounce Religion, Draw Out Power, Power Leap, Apocalypse


You escaped.
You worshipped Ru.
Ru was exalted by your worship.
You visited 10 branches of the dungeon, and saw 49 of its levels.
You visited 1 ziggurat, and saw 7 of its levels.
You also visited: Ossuary, Bailey, Gauntlet, Ice Cave and Volcano.

You collected 8422 gold pieces.
You spent 2946 gold pieces at shops.

Inventory:

Hand Weapons
 J - a +7 demon trident of electrocution
   (You found it in an ice cave)
Missiles
 b - 192 stones
 H - 3 throwing nets
Armour
 g - a +2 robe of the Archmagi (worn)
   (You bought it in a shop on level 11 of the Dungeon)
 C - the +0 cloak of the Scribe (worn) {rF++ Regen+}
   (You found it on level 5 of the Vaults)

   rF:        It greatly protects you from fire.
   Regen:     It increases your rate of health regeneration.
 L - the +0 helmet of Puetineg (worn) {Harm Drain rPois rN++}
   (You found it on level 12 of the Dungeon)

   rPois:     It protects you from poison.
   rN:        It greatly protects you from negative energy.
   Drain:     It drains your maximum health when unequipped.
   Harm:      It increases damage dealt and taken.
 R - the +0 pair of gloves "Ennek" (worn) {rPois rN+ rCorr}
   (You acquired it on level 9 of the Dungeon)

   rPois:     It protects you from poison.
   rN:        It protects you from negative energy.
   rCorr:     It protects you from acid and corrosion.
 Y - a +2 pair of boots (worn)
   (You found it in a Gauntlet)
 Z - the +7 tower shield "Keawk" (worn) {rF+ rCorr}
   (You found it on level 12 of the Dungeon)

   rF:        It protects you from fire.
   rCorr:     It protects you from acid and corrosion.
Magical Staves
 l - a staff of earth (weapon)
   (You acquired it on level 6 of the Dungeon)
Jewellery
 c - a +6 ring of intelligence
   (You found it on level 2 of the Depths)
 e - a ring of willpower (right hand)
   (You found it on level 1 of the Elven Halls)
 j - an amulet of magic regeneration (around neck)
   (You took it off a deep elf high priest on level 3 of the Elven Halls)
 p - the ring of Jadamp (left hand) {rC+ rN+ MP+9}
   (You took it off a yaktaur captain on level 5 of the Vaults)

   [ring of positive energy]

   rC:        It protects you from cold.
   rN:        It protects you from negative energy.
   MP:        It affects your magic capacity (+9).
 Q - a ring of wizardry
   (You found it on level 3 of the Vaults)
Wands
 s - a wand of mindburst (43)
   (You found it on level 12 of the Dungeon)
 v - a wand of digging (13)
   (You found it on level 9 of the Dungeon)
 D - a wand of iceblast (85)
   (You found it on level 6 of the Dungeon)
 G - a wand of polymorph (43)
   (You took it off Natasha on level 2 of the Dungeon)
 T - a wand of paralysis (46)
   (You found it in an ice cave)
 V - a wand of charming (25)
   (You found it on level 6 of the Dungeon)
 W - a wand of acid (29)
   (You found it on level 2 of the Elven Halls)
Scrolls
 f - 2 scrolls of torment
 m - 5 scrolls of immolation
 o - 3 scrolls of holy word
 r - 12 scrolls of identify
 t - 29 scrolls of teleportation
 u - 7 scrolls of vulnerability
 y - 3 scrolls of magic mapping
 z - 3 scrolls of blinking
 B - 8 scrolls of fear
 E - 16 scrolls of fog
Potions
 a - 4 potions of cancellation
 d - 7 potions of might
 h - 7 potions of haste
 i - 7 potions of mutation
 k - 9 potions of lignification
 n - 5 potions of resistance
 q - 16 potions of curing
 w - 12 potions of heal wounds
 x - 7 potions of brilliance
 A - 6 potions of magic
 I - 4 potions of ambrosia
 O - 3 potions of invisibility
 S - a potion of attraction
Miscellaneous
 F - a tin of tremorstones (2/2)
   (You found it in a bailey)
 M - a lightning rod (4/4)
   (You found it in a bailey)
 U - a condenser vane
   (You found it on level 5 of the Vaults)


   Skills:
 + Level 19.2 Fighting
 - Level 8.0 Armour
 + Level 14.8 Dodging
 - Level 25.0 Shields
 + Level 18.5 Spellcasting
 + Level 16.1 Conjurations
 - Level 3.0 Translocations
 - Level 6.0 Transmutations
 * Level 10.0 Ice Magic
 - Level 20.0 Earth Magic
 + Level 11.2 Evocations


You had 28 spell levels left.
You knew the following spells:

 Your Spells              Type           Power      Damage    Failure   Level
a - Orb of Destruction    Conj           53%        9d16      1%          7
b - Stone Arrow           Conj/Erth      100%       3d13      0%          3
c - Lee's Rapid Deconstr  Erth           70%        3d33*     0%          5
d - Apportation           Tloc           100%       N/A       1%          1
e - Blink                 Tloc           N/A        N/A       1%          2
f - Mephitic Cloud        Conj/Pois/Air  69%        N/A       1%          3
g - Iron Shot             Conj/Erth      67%        9d12      1%          6
h - Ozocubu's Refrigerat  Ice            43%        4d13      24%         7

Your spell library contained the following spells:

 Spells                   Type           Power      Damage    Failure   Level
 Magic Dart               Conj           100%       1d8       0%          1
 Sandblast                Erth           100%       2d20      0%          1
 Passwall                 Tmut/Erth      100%       N/A       0%          2
 Searing Ray              Conj           100%       2d8       0%          2
 Freeze                   Ice            100%       1d11      1%          1
 Shock                    Conj/Air       100%       1d9       1%          1
 Wereblood                Tmut           72%        N/A       1%          2
 Frozen Ramparts          Ice            100%       1d12      1%          3
 Gell's Gravitas          Tloc           29%        N/A       1%          3
 Lesser Beckoning         Tloc           58%        N/A       1%          3
 Spider Form              Tmut/Pois      29%        N/A       1%          3
 Teleport Other           Tloc           58%        N/A       1%          3
 Hailstorm                Conj/Ice       97%        3d19      1%          4
 Iskenderun's Mystic Bla  Conj/Tloc      86%        2d17      1%          4
 Petrify                  Tmut/Erth      100%       N/A       1%          4
 Freezing Cloud           Conj/Ice/Air   41%        6-21      1%          5
 Irradiate                Conj/Tmut      45%        3d29      1%          5
 Iskenderun's Battlesphe  Conj           100%       2d15      1%          5
 Lightning Bolt           Conj/Air       40%        1d59      1%          5
 Blade Hands              Tmut           36%        N/A       4%          5
 Swiftness                Air            37%        N/A       5%          3
 Passage of Golubria      Tloc           N/A        N/A       5%          4
 Lehudib's Crystal Spear  Conj/Erth      67%        10d15     7%          8
 Conjure Ball Lightning   Conj/Air       40%        3x3d13    10%         6
 Alistair's Intoxication  Tmut/Pois      38%        N/A       14%         5
 Manifold Assault         Tloc           58%        N/A       14%         5
 Airstrike                Air            18%        N/A       19%         4
 Olgreb's Toxic Radiance  Pois           37%        N/A       19%         4
 Dispersal                Tloc           29%        N/A       63%         6
 Eringya's Noxious Bog    Tmut/Pois      29%        N/A       63%         6
 Dragon Form              Tmut           36%        N/A       78%         7
 Disjunction              Tloc           29%        N/A       100%        8
 Chain Lightning          Conj/Air       40%        3d53      100%        9
 Polar Vortex             Ice            43%        N/A       100%        9
 Ensorcelled Hibernation  Hex/Ice        Unusable   N/A       N/A         2
 Flame Wave               Conj/Fire      Unusable   3d14      N/A         4
 Fulminant Prism          Conj/Hex       Unusable   3d20      N/A         4
 Borgnjor's Vile Clutch   Necr/Erth      Unusable   N/A       N/A         5
 Statue Form              Tmut/Erth      Unusable   N/A       N/A         6
 Scorch                   Fire           Unusable   2d9       N/A         2
 Sublimation of Blood     Necr           Unusable   N/A       N/A         2
 Ignite Poison            Fire/Tmut/Pois Unusable   N/A       N/A         3
 Metabolic Englaciation   Hex/Ice        Unusable   N/A       N/A         5
 Summon Lightning Spire   Summ/Air       Unusable   N/A       N/A         4
 Silence                  Hex/Air        Unusable   N/A       N/A         5
 Spellforged Servitor     Conj/Summ      Unusable   N/A       N/A         7
 Invisibility             Hex            Unusable   N/A       N/A         6
 Summon Cactus Giant      Summ           Unusable   N/A       N/A         6
 Summon Hydra             Summ           Unusable   N/A       N/A         7
 Discord                  Hex            Unusable   N/A       N/A         8
 Ignition                 Fire           Unusable   3d7       N/A         8

Dungeon Overview and Level Annotations

Branches:
Dungeon (15/15)            Temple (1/1) D:4            Lair (6/6) D:9
  Swamp (4/4) Lair:4        Snake (4/4) Lair:2        Slime (0/5) Lair:5
    Orc (2/2) D:12            Elf (3/3) Orc:2        Vaults (5/5) D:13
  Crypt (0/3) Vaults:2     Depths (4/4) D:15            Zot (5/5) Depths:4
Ossuary (visited)          Bailey (visited)           IceCv (visited)
Volcano (visited)         Gauntlet (visited)

Altars:
Ashenzari
Cheibriados
Dithmenos
Elyvilon
Fedhas
Gozag
Hepliaklqana
Kikubaaqudgha
Makhleb
Nemelex Xobeh
Okawaru
Qazlal
Ru
Sif Muna
Trog
Uskayaw
Vehumet
Wu Jian
Xom
Yredelemnul
Zin
The Shining One
Beogh
Jiyva

Shops:
D:2 (   D:6 :   D:7 *   D:11 [   D:12 *   Orc:2 !*?(   Elf:2 (   Vaults:2 ((
Depths:1 *

Portals:
Hell: Lair:6 Depths:1 Depths:2 Depths:3
Abyss: Depths:3 Depths:4
Pandemonium: Depths:2

Annotations:
Lair:5 1 runed translucent door
Elf:2 3 runed translucent doors
Zot:5 2 exclusions


Innate Abilities, Weirdness & Mutations

You are immune to sickness and miasma.
Your stone body is resilient. (AC +20)
You are immune to poison.
Your large and strong wings let you fly.
You resist negative energy. (rN+)
You are resistant to electric shocks. (rElec)
You are resistant to unholy torment.
You are immune to petrification.
You sometimes lose the ability to read scrolls when taking damage.
You cannot be stealthy.
You are hated by all.
You cannot study or cast Fire magic.
You cannot study or cast Hexes magic.
You cannot study or cast Necromancy magic.
You take slightly more damage. (AC -5)
You have somewhat slow reflexes. (EV -5)
You occasionally shout uncontrollably at your foes.


Message History

You fly upwards.
There is a stone staircase leading down here.
Your extra speed is starting to run out.
HP restored.
There is a stone staircase leading up here.
You feel yourself slow down.
You fly upwards.
There is a stone staircase leading down here.
Magic restored.
There is a stone staircase leading up here.
You fly upwards.
A smoke demon and a pandemonium lord come into view.
There is a stone staircase leading down here.
Blink to where?
Press: ? - help, Dir - move target
As you read the scroll of blinking, it crumbles to dust.
Haofatal moves out of view.
The smoke demon moves out of view.
You start to feel less resistant.
The smoke demon roars!
The smoke demon gestures at you. You block the sticky flame.
There is a stone staircase leading up here.
You fly upwards.
There is a stone staircase leading down here.
(D) Dungeon (T) Temple (L) Lair (S) Swamp (P) Snake Pit (M) Slime Pits (O) Orcish Mines (E) Elven Halls (V) Vaults (C) Crypt (U) Depths (H) Hell (Z) Zot
Where to? (Enter - D:1, ? - help)
What level of the Dungeon? (default 1, ? - help) You're already here!
Unknown command.
Your resistance to elements expires.
Aiming: Dig
Press: ? - help, Shift-Dir - straight line A rock wall.
This square is covered in magical glow.
The rock shatters into small pieces.
There is a staircase leading out of the dungeon here.
You have escaped!

.# ##......## ##.....## .#
##..##...######....#### .#
#..###.....##...##..... .###
#.###...##............#
...########.###...##......>......
.................###.............
..######.........................
#.# #...##......................
#.####.####.##..@..##.....#.....#
#.##...# #.#.......#...###.###.#
..#...#####.#.......#...# #.# #.#
......###...#.......#...###.# #.#
..........#.#..≈≈≈..#....##.###..
............#.≈≈≈≈≈.#............
#........#..#.≈≈!≈≈.#.......>.###
..#...#.....#.≈≈>≈≈.#....##.....#
###...##....#.≈§$≈§.####.##.##...


There were no monsters in sight!

Vanquished Creatures
  3 dread liches
  5 ancient liches
  An orb of fire (Zot:5)
  A juggernaut (Depths:2)
  Mara (Snake:3)
  2 Killer Klowns (Zot:5)
  Bai Suzhen (Vaults:4)
  Vashnia (Snake:3)
  6 caustic shrikes
  7 golden dragons
  3 curse toes
  5 electric golems
  3 Ice Fiends (Depths:4)
  Jorgrun (Orc:2)
  15 tentacled monstrosities
  4 liches
  Rupert (D:13)
  5 titans (Vaults:5)
  2 deep elf blademasters (Elf:3)
  21 Orb Guardians
  4 quicksilver dragons
  A walking divine tome (Depths:2)
  Gastronok (Lair:1)
  2 death cobs
  5 sphinxes
  Kirke (D:15)
  2 deep elf master archers (Elf:3)
  11 storm dragons
  2 thorn hunters
  Roxanne (D:14)
  Donald (Swamp:3)
  6 tengu reavers (Vaults:5)
  8 shadow dragons
  A draconian knight (Depths:4)
  6 fenstrider witches
  A draconian monk (Zot:4)
  10 frost giants
  14 vault wardens
  5 nagarajas (Snake:4)
  A balrug (Depths:1)
  6 iron dragons
  An orc warlord (Orc:2)
  9 deep elf sorcerers
  12 fire giants
  4 deep elf elementalists (Elf:3)
  Aizul (Swamp:4)
  A ghost moth (Zig:7)
  4 draconian scorchers
  A juggernaut skeleton (D:15)
  A demonspawn corrupter (Depths:4)
  2 reapers
  11 ironbound preservers
  Louise (Depths:3)
  8 ghouls
  16 very ugly things
  2 spriggan defenders
  2 draconian annihilators
  A demonspawn blood saint (Depths:4)
  4 war gargoyles
  15 stone giants
  2 draconian stormcallers
  4 vampire knights
  2 entropy weavers (Zig:7)
  8 deep elf demonologists
  A green draconian (Zot:2)
  3 black draconians
  A white draconian (Zot:2)
  8 deep elf annihilators
  A purple draconian (Zot:4)
  19 dire elephants
  2 bunyips
  4 red draconians
  15 spark wasps
  2 yellow draconians
  A minotaur (Gauntlet)
  2 eleionomae
  17 ettins
  A merfolk javelineer (Zig:4)
  5 deep elf death magi
  2 green deaths (Swamp:4)
  Snorg (Orc:2)
  8 deep elf high priests
  2 shambling mangroves
  6 fire dragons
  13 naga warriors
  Josephine (D:10)
  13 yaktaur captains
  5 great orbs of eyes
  6 ironbound thunderhulks
  34 vault guards
  13 ogre magi
  4 rakshasas
  A salamander tyrant (Snake:4)
  A hydra (shapeshifter) (Vaults:5)
  8 boulder beetles
  11 hydras
  4 ghost crabs
  8 ice dragons
  A catoblepas (Lair:2)
  13 centaur warriors
  A peacekeeper (Vaults:1)
  10 anacondas
  25 two-headed ogres
  5 spriggan air magi
  10 ironbound frosthearts
  4 deep troll shamans
  9 dancing weapons
  5 alligators
  2 merfolk aquamancers
  A two-headed ogre (shapeshifter) (Vaults:2)
  5 tengu warriors
  Urug (D:10)
  10 death yaks
  5 deep troll earth magi
  11 naga sharpshooters
  4 orc high priests
  6 spriggan berserkers
  9 shock serpents
  6 deep elf knights
  A sun demon (Lair:6)
  2 soul eaters (Swamp:4)
  8 hell knights (Depths:1)
  3 iron trolls
  9 skeletal warriors
  A cherub (D:9)
  10 sea snakes
  7 goliath frogs
  A glowing orange brain (shapeshifter) (Vaults:5)
  A sixfirhy (D:6)
  3 death drakes
  3 salamander mystics
  36 deep trolls
  A flayed ghost (Depths:1)
  4 starcursed masses (Zig:1)
  2 glowing orange brains
  A swamp dragon (Swamp:2)
  5 spriggan druids
  4 bog bodies
  18 ironbound convokers
  5 phantasmal warriors
  7 lindwurms (Vaults:2)
  4 naga ritualists
  An orange crystal statue (Depths:3)
  19 deep elf pyromancers
  9 deep elf archers
  3 necromancers
  13 wizards
  8 harpies
  2 orb spiders (Zig:7)
  A shadow dragon zombie (D:15)
  4 orc knights
  An oklob plant (Lair:4)
  30 salamanders
  14 deep elf zephyrmancers
  3 wolf spiders
  A moth of wrath (shapeshifter) (Vaults:5)
  A sphinx skeleton (D:15)
  3 fauns (Zig:4)
  6 mana vipers
  41 ugly things
  A shining eye (shapeshifter) (Depths:2)
  5 will-o-the-wisps
  7 cyclopes
  An ice statue (IceCv)
  A manticore (D:11)
  15 moths of wrath
  27 black mambas
  9 orc sorcerers
  4 guardian serpents (Snake:4)
  6 elephants
  2 torpor snails
  16 naga magi
  A black mamba (shapeshifter) (Vaults:5)
  3 smoke demons
  22 vault sentinels
  A fire giant skeleton (D:15)
  2 orange demons (Swamp:4)
  Psyche (D:10)
  14 cane toads
  2 freezing wraiths (Vaults:5)
  24 yaktaurs
  A kobold demonologist (D:10)
  3 tengu conjurers
  An unseen horror (D:13)
  2 anaconda simulacra (IceCv)
  2 hellwings
  A demonic crawler (Zig:7)
  4 rime drakes
  15 komodo dragons
  An ice devil (Lair:6)
  A tormentor (D:15)
  4 guardian mummies
  A yaktaur (shapeshifter) (D:15)
  6 red devils
  An entropy weaver simulacrum (IceCv)
  An ancient zyme (Zig:1)
  A jumping spider (Zig:7)
  A queen bee (shapeshifter) (Elf:2)
  13 tyrant leeches
  3 meliai (D:14)
  3 bloated husks
  4 polar bears
  12 hornets
  5 merfolk (Zig:4)
  4 trolls
  18 slime creatures
  9 blink frogs
  5 dream sheep (Lair:6)
  A fire giant simulacrum (Vaults:1)
  Sigmund (D:5)
  8 water elementals
  2 air elementals (Elf:3)
  A centaur simulacrum (D:13)
  13 spriggans
  6 fire elementals
  A yak (shapeshifter) (D:7)
  7 fire bats (Volcano)
  7 wyverns
  2 shadows
  16 humans (D:13)
  A dire elephant simulacrum (IceCv)
  6 hogs
  42 yaks
  A ynoxinul (D:9)
  A fire bat (shapeshifter) (Depths:2)
  2 steam dragons
  5 wraiths
  4 basilisks
  24 vampire mosquitoes
  3 chaos spawn (Swamp:4)
  3 neqoxecs
  A death yak simulacrum (IceCv)
  3 harpy simulacra (IceCv)
  53 nagas
  5 wargs
  5 hell hounds (Lair:6)
  10 swamp worms
  2 acid dragons
  5 floating eyes
  11 water moccasins
  A floating eye (shapeshifter) (Vaults:5)
  4 swamp drakes
  A sky beast (D:6)
  2 black bears (D:7)
  25 orc warriors
  A necrophage (Swamp:4)
  33 ogres
  4 boggarts (D:14)
  A boggart (shapeshifter) (Vaults:5)
  27 centaurs
  22 wolves
  14 bullfrogs
  2 kobold brigands
  2 cane toad simulacra (IceCv)
  8 gnoll sergeants (Bailey)
  2 human skeletons (Vaults:1)
  2 scorpions
  4 earth elementals
  4 two-headed ogre simulacra (IceCv)
  2 iguanas
  A water moccasin zombie (D:5)
  2 water moccasin skeletons (D:6)
  An elephant simulacrum (IceCv)
  A human simulacrum (Vaults:3)
  13 killer bees (D:10)
  A howler monkey (D:8)
  5 wights
  11 electric eels
  2 jellies (D:8)
  9 lava snakes
  7 centaur zombies
  8 hounds
  Crazy Yiuf (D:6)
  2 human zombies
  2 bullfrog skeletons
  21 orc priests
  7 gnoll shamans
  An iron imp (D:3)
  4 hell rats (Lair:6)
  Natasha (thrice) (D:2)
  19 orc wizards
  3 polar bear simulacra (IceCv)
  6 spriggan simulacra (IceCv)
  8 troll simulacra (IceCv)
  3 wolf simulacra (IceCv)
  2 killer bee zombies (D:9)
  A hound skeleton (D:4)
  5 mummies
  Robin (D:4)
  22 gnolls
  10 adders
  3 naga simulacra (IceCv)
  2 shadow imps
  9 white imps
  9 ufetubi
  2 adder zombies (D:5)
  A worm (D:3)
  2 dart slugs
  86 orcs
  8 bats
  8 endoplasms
  2 giant cockroaches
  5 hobgoblins
  13 kobolds
  2 quokkas (D:1)
  9 ball pythons
  2 frilled lizards
  20 goblins
  A goblin zombie (Ossuary)
  3 hobgoblin zombies (Ossuary)
  A kobold zombie (Ossuary)
  An orc zombie (Ossuary)
  2 rats (D:2)
  A withered plant (D:15)
2024 creatures vanquished.

Vanquished Creatures (others)
  A tengu reaver (Vaults:4)
  A storm dragon (Zot:1)
  A draconian scorcher (Zot:4)
  A green draconian (Zig:5)
  A catoblepas (Lair:3)
  A hydra (Gauntlet)
  A centaur warrior (D:15)
  A naga sharpshooter (Snake:3)
  A deep elf zephyrmancer (Elf:2)
  A bloated husk (Swamp:3)
  A basilisk (Lair:4)
  A naga (Snake:2)
  An orc warrior (D:12)
  A centaur (D:6)
  6 foxfires
  43 fungi
  102 plants
  5 toadstools (Swamp:3)
  9 withered plants (D:15)
179 creatures vanquished.

Grand Total: 2203 creatures vanquished

Notes
Turn   | Place    | Note
-------+----------+-------------------------------------------
     0 | D:1      | emiel the Gargoyle Earth Elementalist began the quest for
                  | the Orb.
     0 | D:1      | Reached XP level 1. HP: 10/10 MP: 3/3
    71 | D:1      | Found a faded altar of an unknown god.
   205 | D:1      | Reached XP level 2. HP: 15/15 MP: 5/5
  1098 | D:2      | Reached XP level 3. HP: 19/19 MP: 6/6
  1102 | D:2      | Learned a level 3 spell: Stone Arrow
  1195 | D:2      | Found Paem's Antique Weapon Boutique.
  1699 | D:2      | Noticed Natasha
  1705 | D:2      | Killed Natasha
  1706 | D:2      | Reached skill level 1 in Conjurations
  1706 | D:2      | Reached XP level 4. HP: 21/24 MP: 3/8
  2058 | D:2      | Noticed Natasha
  2064 | D:2      | Killed Natasha
  2556 | D:2      | Found Paem's Antique Weapon Boutique.
  2665 | D:2      | Noticed Natasha
  2672 | D:2      | Killed Natasha
  2673 | D:2      | Reached XP level 5. HP: 28/28 MP: 4/10
  3536 | D:3      | Reached skill level 5 in Earth Magic
  3672 | D:3      | Found a snail-covered altar of Cheibriados.
  3946 | D:3      | Found a shimmering blue altar of Sif Muna.
  4188 | D:4      | Reached XP level 6. HP: 13/32 MP: 4/12
  4522 | D:4      | Identified the +1 leather armour "Hilul Tuem" {Fly rF++
                  | Str-3 Dex-3}
  4733 | D:4      | Noticed Robin
  4760 | D:4      | Killed Robin
  5188 | D:4      | You fall into a shaft and drop 1 floor!
  5188 | D:5      | Entered Level 5 of the Dungeon
  5188 | D:5      | Found a radiant altar of Vehumet.
  5212 | D:5      | Reached skill level 5 in Spellcasting
  5212 | D:5      | Reached XP level 7. HP: 36/36 MP: 10/14
  5239 | D:5      | Found a basalt altar of Yredelemnul.
  5241 | D:5      | Noticed a profane servitor
  5256 | D:5      | Noticed Sigmund
  5294 | D:5      | Killed Sigmund
  5506 | D:5      | Reached XP level 8. HP: 41/41 MP: 8/17
  5829 | D:4      | Found a staircase to the Ecumenical Temple.
  5839 | Temple   | Entered the Ecumenical Temple
  6824 | D:5      | Found a glowing golden altar of the Shining One.
  6826 | D:5      | Noticed an angel
  6998 | D:6      | Identified a scroll of acquirement
  6998 | D:6      | Acquired a staff of earth
  7084 | D:6      | Found a sand-covered staircase.
  7091 | Ossuary  | Entered an ossuary
  7372 | Ossuary  | Reached skill level 5 in Conjurations
  7686 | D:6      | Found a broken altar of Ashenzari.
  8144 | D:6      | Found a burning altar of Makhleb.
  8200 | D:6      | Reached XP level 9. HP: 45/45 MP: 10/20
  8282 | D:6      | Found Qeenimm's Self-Improvement Boutique.
  8509 | D:6      | Found a runed translucent door.
  8510 | D:6      | Noticed Crazy Yiuf
  8515 | D:6      | Killed Crazy Yiuf
  8820 | D:7      | Noticed Joseph
  8836 | D:7      | Noticed Joseph
  8836 | D:7      | Joseph changed into Joseph the shapeshifter
  8837 | D:7      | Noticed Joseph
  8837 | D:7      | Joseph the shapeshifter changed into Joseph the yak
  8840 | D:7      | Killed Joseph the yak
  9517 | D:7      | Found Qycvax's General Store.
  9525 | D:7      | Bought a scroll of teleportation for 39 gold pieces
 10115 | D:8      | Acquired 1006 gold pieces
 10145 | D:8      | Reached XP level 10. HP: 43/50 MP: 17/23
 10174 | D:8      | Reached skill level 10 in Spellcasting
 10174 | D:8      | Reached skill level 10 in Earth Magic
 10179 | D:8      | Reached skill level 1 in Fighting
 10237 | D:8      | Found a flagged portal.
 10267 | Bailey   | Entered a bailey
 10937 | Bailey   | Found the +2 hood of the Assassin {Detection Stab+ Stlth++}
 11335 | D:8      | Reached skill level 1 in Armour
 11688 | D:8      | Reached skill level 5 in Fighting
 11769 | D:8      | Acquired a +1 buckler of protection
 11802 | D:9      | Noticed a two-headed ogre
 11812 | D:9      | Reached skill level 1 in Shields
 11825 | D:9      | Killed a two-headed ogre
 11826 | D:9      | Reached skill level 2 in Shields
 11826 | D:9      | Reached XP level 11. HP: 30/64 MP: 0/25
 12150 | D:9      | Acquired the +0 pair of gloves "Ennek" {rPois rN+ rCorr}
 12160 | D:9      | Reached skill level 3 in Shields
 12251 | D:9      | Reached skill level 5 in Dodging
 12321 | D:9      | Found a staircase to the Lair.
 12404 | D:9      | Found a sacrificial altar of Ru.
 12418 | D:9      | Became a worshipper of Ru the Awakened
 12958 | D:10     | Entered Level 10 of the Dungeon
 12992 | Lair:1   | Entered Level 1 of the Lair of Beasts
 13240 | Lair:1   | Noticed Gastronok
 13253 | Lair:1   | Killed Gastronok
 13254 | Lair:1   | Reached skill level 4 in Shields
 14000 | Lair:2   | Noticed a four-headed hydra
 14010 | Lair:1   | Reached skill level 5 in Armour
 14017 | Lair:1   | Gained mutation: You have somewhat slow reflexes. (EV -5)
                  | [Ru sacrifice]
 14017 | Lair:1   | Reached * piety under Ru
 14232 | Lair:2   | Killed a four-headed hydra
 14637 | Lair:2   | Noticed a catoblepas
 14645 | Lair:2   | Killed a catoblepas
 14646 | Lair:2   | Reached XP level 12. HP: 68/73 MP: 11/26
 15083 | Lair:2   | Found a staircase to the Snake Pit.
 15615 | Lair:3   | Noticed a six-headed hydra
 15620 | Lair:3   | Killed a six-headed hydra
 16151 | Lair:3   | Noticed a death yak
 16151 | Lair:3   | Noticed a death yak
 16152 | Lair:3   | Noticed a death yak
 16152 | Lair:3   | Noticed a death yak
 16152 | Lair:3   | Noticed a death yak
 16153 | Lair:3   | Noticed a death yak
 16161 | Lair:3   | Killed a death yak
 16165 | Lair:3   | Killed a death yak
 16174 | Lair:3   | Killed a death yak
 16219 | Lair:3   | Killed a death yak
 16247 | Lair:3   | Killed a death yak
 16508 | Lair:3   | Noticed a catoblepas
 16656 | Lair:3   | Killed a catoblepas
 16978 | Lair:3   | Reached XP level 13. HP: 81/81 MP: 23/27
 17233 | Lair:3   | Reached skill level 10 in Fighting
 17470 | Lair:4   | Found a staircase to the Swamp.
 18013 | Lair:3   | Gained mutation: You are hated by all. [Ru sacrifice]
 18013 | Lair:3   | Reached ** piety under Ru
 18029 | Lair:4   | Reached skill level 10 in Conjurations
 19862 | Lair:5   | Found a frozen archway.
 20038 | IceCv    | Entered an ice cave
 21090 | IceCv    | Noticed a reaper
 21162 | IceCv    | Killed a reaper
 21717 | IceCv    | Gained mutation: You cannot study or cast Fire magic. [Ru
                  | sacrifice]
 21717 | IceCv    | Gained mutation: You cannot study or cast Hexes magic. [Ru
                  | sacrifice]
 21717 | IceCv    | Gained mutation: You cannot study or cast Necromancy magic.
                  | [Ru sacrifice]
 21717 | IceCv    | Reached *** piety under Ru
 22309 | Lair:5   | Found a runed translucent door.
 22314 | Lair:5   | Found a staircase to the Slime Pits.
 22393 | Lair:5   | You fall into a shaft and drop 1 floor!
 22393 | Lair:6   | Entered Level 6 of the Lair of Beasts
 22560 | Lair:5   | Gained mutation: Your large and strong wings let you fly.
                  | [Gargoyle growth]
 22560 | Lair:5   | Reached XP level 14. HP: 88/88 MP: 29/29
 23422 | Lair:5   | Identified the +0 leather armour of Teavameo {rC+ Str+4}
 23573 | Lair:5   | Gained mutation: You sometimes lose the ability to read
                  | scrolls when taking damage. [Ru sacrifice]
 23573 | Lair:5   | Reached **** piety under Ru
 23573 | Lair:5   | Reached ***** piety under Ru
 23815 | Lair:6   | Reached skill level 10 in Dodging
 25169 | Lair:6   | Noticed a dire elephant
 25186 | Lair:6   | Killed a dire elephant
 25337 | Lair:6   | Found a burning altar of Makhleb.
 25347 | Lair:6   | Found a gateway to Hell.
 25824 | D:10     | Gained mutation: You cannot be stealthy. [Ru sacrifice]
 25856 | D:10     | Found a sacrificial altar of Ru.
 26001 | D:10     | Found an ancient bone altar of Kikubaaqudgha.
 26094 | D:10     | Identified the +7 halberd of Gallantry {vamp, Fly Str+4}
 26116 | D:10     | Noticed Urug
 26124 | D:10     | Killed Urug
 26558 | D:10     | Noticed Josephine
 26563 | D:10     | Killed Josephine
 26699 | D:10     | Found a sparkling altar of Nemelex Xobeh.
 27204 | D:10     | Noticed Psyche
 27206 | D:10     | Killed Psyche
 27751 | D:11     | Found Rabrihoa's Armour Shoppe.
 27759 | D:11     | Bought a +2 robe of the Archmagi for 452 gold pieces
 27998 | D:11     | Found a burning altar of Makhleb.
 28426 | D:12     | Found a staircase to the Orcish Mines.
 28435 | D:12     | Found a gate leading to a gauntlet.
 28444 | Gauntlet | Entered a Gauntlet
 28444 | Gauntlet | Found a transporter.
 28608 | Gauntlet | Found a transporter.
 28631 | Gauntlet | Found a transporter.
 28634 | Gauntlet | Found a transporter.
 28655 | Gauntlet | Found a transporter.
 28665 | Gauntlet | Found a runed translucent door.
 28670 | Gauntlet | Found a transporter.
 28685 | Gauntlet | Found a transporter.
 28707 | Gauntlet | Found a transporter.
 28711 | Gauntlet | Found a transporter.
 28716 | Gauntlet | Found a transporter.
 28749 | Gauntlet | Found a transporter.
 28749 | Gauntlet | Found a transporter.
 28775 | Gauntlet | Identified the +1 cloak of Cocytus {Fly Slay+2}
 28895 | Gauntlet | Identified the +2 cloak of Cowardice {rCorr}
 29123 | Gauntlet | Reached XP level 15. HP: 89/96 MP: 29/32
 29140 | Gauntlet | Learned a level 5 spell: Lee's Rapid Deconstruction
 29706 | D:12     | Identified the +7 tower shield "Keawk" {rF+ rCorr}
 29873 | D:12     | Found Erry's Changing Room.
 29893 | D:12     | Bought a book of Transfigurations for 560 gold pieces
 29921 | D:12     | Identified the +0 helmet of Puetineg {Harm Drain rPois
                  | rN++}
 30141 | Orc:1    | Entered Level 1 of the Orcish Mines
 30147 | Orc:1    | Reached skill level 1 in Transmutations
 30776 | Orc:2    | Entered Level 2 of the Orcish Mines
 30791 | Orc:2    | Noticed Jorgrun
 30798 | Orc:2    | Killed Jorgrun
 30799 | Orc:2    | Reached skill level 5 in Shields
 30830 | Orc:2    | Noticed an orc warlord
 30850 | Orc:2    | Killed an orc warlord
 31215 | Orc:2    | Found a dark tunnel.
 31221 | Volcano  | Entered a volcano
 31443 | Volcano  | Reached skill level 6 in Shields
 31605 | Volcano  | Found a bloodstained altar of Trog.
 31660 | Orc:2    | Noticed Snorg
 31661 | Orc:2    | Found Ximyts's Weapon Emporium.
 31661 | Orc:2    | Found Ciyx's Assorted Antiques.
 31661 | Orc:2    | Found Reytt's Magic Scroll Boutique.
 31661 | Orc:2    | Found Ulaplutt's Distillery.
 31663 | Orc:2    | Killed Snorg
 31664 | Orc:2    | Reached skill level 8 in Shields
 31964 | Orc:2    | Gained mutation: You take slightly more damage. (AC -5) [Ru
                  | sacrifice]
 31964 | Orc:2    | Reached ****** piety under Ru
 32275 | Orc:2    | Reached skill level 9 in Shields
 32434 | Orc:2    | Bought an opal ring for 150 gold pieces
 32434 | Orc:2    | Bought a glowing scarf for 240 gold pieces
 32434 | Orc:2    | Bought an embroidered scarf for 240 gold pieces
 32446 | Orc:2    | Bought a potion of cancellation for 96 gold pieces
 32446 | Orc:2    | Bought a potion of cancellation for 96 gold pieces
 32446 | Orc:2    | Bought a potion of magic for 96 gold pieces
 32446 | Orc:2    | Bought a potion of magic for 96 gold pieces
 32448 | Orc:2    | Bought a scroll labelled CITEDO WICOC for 30 gold pieces
 32448 | Orc:2    | Bought a potion of heal wounds for 150 gold pieces
 32448 | Orc:2    | Bought a scroll of teleportation for 90 gold pieces
 32449 | Orc:2    | Bought a scroll of teleportation for 42 gold pieces
 32449 | Orc:2    | Bought a scroll of teleportation for 42 gold pieces
 32449 | Orc:2    | Bought a scroll of teleportation for 42 gold pieces
 32449 | Orc:2    | Bought a scroll of enchant armour for 105 gold pieces
 32450 | Orc:2    | Bought a potion of brilliance for 48 gold pieces
 32722 | Orc:2    | Found a staircase to the Elven Halls.
 32767 | Elf:1    | Entered Level 1 of the Elven Halls
 33398 | Elf:1    | Reached XP level 16. HP: 92/93 MP: 33/33
 33868 | Elf:1    | Reached skill level 10 in Shields
 33890 | Elf:1    | Reached skill level 5 in Transmutations
 34693 | Elf:1    | Reached skill level 11 in Shields
 35352 | Elf:2    | Found Yhigu's Weapon Shoppe.
 35601 | Elf:2    | Found a runed translucent gate.
 35602 | Elf:2    | Found a runed translucent gate.
 35602 | Elf:2    | Found a runed translucent gate.
 36115 | Elf:3    | Entered Level 3 of the Elven Halls
 36200 | Elf:3    | Reached skill level 12 in Shields
 36539 | Elf:3    | Noticed an Ice Fiend
 37069 | Elf:3    | Reached skill level 13 in Shields
 37075 | Elf:3    | Reached XP level 17. HP: 106/106 MP: 12/34
 37253 | Elf:3    | Identified the +7 quarterstaff of Ysunwote {flame, rPois
                  | rC- Str+4}
 37436 | Elf:3    | Noticed a deep elf master archer
 37453 | Elf:3    | Killed a deep elf master archer
 37595 | Elf:3    | Noticed a deep elf master archer
 37601 | Elf:3    | Killed a deep elf master archer
 37744 | Elf:3    | Identified the +0 ring mail of the Vaults {Rampage rPois}
 37744 | Elf:3    | Identified the amulet "Jazonuak" {Reflect SH+5 SInv}
 37744 | Elf:3    | Noticed a deep elf blademaster
 37747 | Elf:3    | Reached skill level 14 in Shields
 37749 | Elf:3    | Killed a deep elf blademaster
 37763 | Elf:3    | Identified the +5 broad axe of Magnificence {vorpal, rCorr}
 37889 | Elf:3    | Identified the +11 war axe of Apaz {freeze, Fly Dex+2}
 38034 | Elf:3    | Identified the +1 spear of the Onslaught {drain, rPois
                  | Will- Str+7}
 38051 | Elf:3    | Noticed a deep elf blademaster
 38054 | Elf:3    | Killed a deep elf blademaster
 38159 | Elf:3    | Learned a level 1 spell: Apportation
 38162 | Elf:3    | Learned a level 2 spell: Blink
 38189 | Elf:3    | Got the Grimoire of Snow
 38290 | Elf:3    | Learned a level 3 spell: Mephitic Cloud
 38411 | D:13     | Noticed Rupert
 38411 | D:13     | Found a gate to the Vaults.
 38412 | D:13     | Killed Rupert
 38413 | D:13     | Reached skill level 1 in Translocations
 38530 | D:12     | Reached skill level 15 in Shields
 38861 | D:13     | Reached skill level 15 in Earth Magic
 39364 | D:13     | Found a white marble altar of Elyvilon.
 40629 | D:14     | Identified Roxanne's Grimoire of Earth
 40629 | D:14     | Noticed Roxanne
 40632 | D:14     | Killed Roxanne
 40633 | D:14     | Reached skill level 16 in Shields
 40678 | D:14     | Learned a level 6 spell: Iron Shot
 41302 | D:15     | Entered Level 15 of the Dungeon
 41308 | D:15     | Found a staircase to the Depths.
 41311 | D:15     | Reached XP level 18. HP: 94/96 MP: 24/35
 41378 | D:15     | Noticed Kirke
 41458 | D:15     | Killed Kirke
 42320 | D:15     | Found a shimmering altar of Xom.
 42323 | D:15     | Found a white marble altar of Elyvilon.
 42323 | D:15     | Found a hide-covered altar of Uskayaw.
 42325 | D:15     | Found a shadowy altar of Dithmenos.
 42325 | D:15     | Found a radiant altar of Vehumet.
 42325 | D:15     | Found a radiant altar of Vehumet.
 42702 | Snake:1  | Entered Level 1 of the Snake Pit
 43099 | Snake:1  | Found a stormy altar of Qazlal.
 43460 | Snake:1  | Reached skill level 17 in Shields
 46000 | Snake:3  | Noticed Vashnia
 46002 | Snake:3  | Killed Vashnia
 46003 | Snake:3  | Reached skill level 18 in Shields
 46152 | Snake:3  | Noticed Mara
 46153 | Snake:3  | Noticed emiel's illusion
 46156 | Snake:3  | Killed Mara
 46157 | Snake:3  | Reached XP level 19. HP: 101/110 MP: 11/36
 47201 | Snake:4  | Entered Level 4 of the Snake Pit
 47326 | Snake:4  | Reached skill level 1 in Evocations
 48454 | Snake:4  | Reached skill level 19 in Shields
 49391 | Snake:4  | Got a serpentine rune of Zot
 49603 | Swamp:1  | Entered Level 1 of the Swamp
 51514 | Swamp:3  | Noticed Donald
 51518 | Swamp:3  | Killed Donald
 51519 | Swamp:3  | Reached XP level 20. HP: 86/108 MP: 11/37
 51734 | Swamp:3  | Identified the +4 scale mail "Yfofequbb" {rCorr}
 52568 | Swamp:4  | Entered Level 4 of the Swamp
 53259 | Swamp:4  | Identified the +0 hand axe "Dragonbane" {flame, Dex+4}
 53571 | Swamp:4  | Got a decaying rune of Zot
 53737 | Swamp:4  | Reached skill level 20 in Shields
 53753 | Swamp:4  | Noticed Aizul
 53757 | Swamp:4  | Killed Aizul
 54921 | Vaults:1 | Entered Level 1 of the Vaults
 56092 | Vaults:1 | Reached XP level 21. HP: 130/130 MP: 33/39
 56100 | Vaults:1 | Reached skill level 5 in Evocations
 57377 | Vaults:2 | Found Ihatt's Weapon Boutique.
 57472 | Vaults:2 | Found a staircase to the Crypt.
 57473 | Vaults:2 | Found an ancient bone altar of Kikubaaqudgha.
 57694 | Vaults:2 | Found Ixtinkim's Weapon Emporium.
 59227 | Vaults:3 | Reached skill level 21 in Shields
 61285 | Vaults:4 | Noticed Bai Suzhen
 61289 | Vaults:4 | Killed Bai Suzhen
 61290 | Vaults:4 | Reached XP level 22. HP: 137/137 MP: 22/40
 61556 | Vaults:4 | Reached skill level 15 in Spellcasting
 63227 | Vaults:5 | Entered Level 5 of the Vaults
 63432 | Vaults:5 | Noticed a golden dragon
 63700 | Vaults:5 | Killed a golden dragon
 64234 | Vaults:5 | Reached skill level 22 in Shields
 64241 | Vaults:5 | Noticed a golden dragon
 64623 | Depths:1 | Entered Level 1 of the Depths
 64637 | Depths:1 | Found a gateway to a ziggurat.
 64646 | Zig:1    | Entered Level 1 of a ziggurat
 64726 | Zig:2    | Entered Level 2 of a ziggurat
 64762 | Zig:3    | Entered Level 3 of a ziggurat
 64765 | Zig:3    | Reached skill level 15 in Conjurations
 64858 | Zig:4    | Entered Level 4 of a ziggurat
 64862 | Zig:4    | Reached skill level 15 in Fighting
 65310 | Zig:5    | Entered Level 5 of a ziggurat
 65355 | Zig:5    | Identified the ring of Accord {rN+ Dex+6}
 65357 | Zig:5    | Identified the +8 hand axe "Xohisul" {drain, rF+ Int+3}
 65400 | Zig:6    | Entered Level 6 of a ziggurat
 65402 | Zig:6    | Found the +3 crown of Dyrovepreva {rElec Int+2 SInv}
 65403 | Zig:6    | Noticed an ancient lich
 65408 | Zig:6    | Reached XP level 23. HP: 143/144 MP: 25/42
 65409 | Zig:6    | Killed an ancient lich
 65498 | Zig:6    | Identified the amulet of Biumypta {Acrobat Regen+}
 65500 | Zig:6    | Identified the +8 chain mail of Melancholy {Rampage rPois}
 65506 | Zig:7    | Entered Level 7 of a ziggurat
 65562 | Zig:7    | Identified the +3 rapier of Guciga {distort, rElec Will+
                  | Int+8 Dex-2}
 65567 | Zig:7    | Identified the +8 broad axe of Tygioh {vorpal, rC++ Str-2
                  | Stlth+}
 65794 | Vaults:5 | Killed a golden dragon
 66312 | Vaults:5 | Identified the +7 mace "Qothrium" {flame, Fly}
 67325 | Vaults:5 | Learned a level 7 spell: Ozocubu's Refrigeration
 67422 | Vaults:5 | Identified the ring of Jadamp {rC+ rN+ MP+9}
 67456 | Vaults:5 | Got a silver rune of Zot
 67510 | Vaults:5 | Noticed a dread lich
 67514 | Vaults:5 | Killed a dread lich
 67875 | Vaults:5 | Reached skill level 1 in Ice Magic
 68068 | Vaults:5 | Identified the +0 cloak of the Scribe {rF++ Regen+}
 68188 | Vaults:5 | Identified the +0 chain mail "Obiffygg" {Fly rN+ Slay+3}
 68190 | Vaults:5 | Identified the +1 plate armour of the Stars {rC++ Str+3}
 68223 | Vaults:5 | Identified the amulet "Uvvay" {Acrobat rF+ Str+3 SInv}
 68705 | Depths:1 | Reached skill level 23 in Shields
 69160 | Depths:1 | Found Daqeteu's CLEARANCE SALE!.
 69167 | Depths:1 | Bought a potion of curing for 12 gold pieces
 69167 | Depths:1 | Bought a manual of Fighting for 320 gold pieces
 69467 | Depths:1 | Identified the +4 hunting sling "Hurghech" {freeze, Stlth+}
 69800 | Depths:2 | Reached XP level 24. HP: 152/152 MP: 30/43
 69831 | Depths:2 | Noticed a caustic shrike
 69838 | Depths:2 | Killed a caustic shrike
 70179 | Depths:2 | Noticed a juggernaut
 70186 | Depths:2 | Killed a juggernaut
 70396 | Depths:2 | Gained mutation: You occasionally shout uncontrollably at
                  | your foes. [a shining eye]
 70432 | Depths:2 | Noticed a caustic shrike
 70435 | Depths:2 | Killed a caustic shrike
 70538 | Depths:2 | You are sucked into a shaft and drop 1 floor!
 71146 | Depths:2 | Found a one-way gate leading to the halls of Pandemonium.
 71175 | Depths:2 | Paralysed by a sphinx for 3 turns
 71215 | Depths:2 | Identified the +7 war axe "Death Rattle" {drain, rN+ Dex+7}
 72059 | Depths:3 | Noticed Louise
 72065 | Depths:3 | Killed Louise
 72134 | Depths:3 | Found a one-way gate to the infinite horrors of the Abyss.
 72389 | Depths:3 | Reached skill level 5 in Ice Magic
 73299 | Depths:3 | Found a runed translucent door.
 73301 | Depths:3 | Acquired the Almanac of Quantum Confrontation
 73311 | Depths:3 | Learned a level 7 spell: Orb of Destruction
 73372 | Depths:4 | Entered Level 4 of the Depths
 73475 | Depths:3 | Found a runed translucent door.
 73559 | Depths:3 | Reached skill level 24 in Shields
 73879 | Depths:4 | Reached skill level 10 in Evocations
 74038 | Depths:4 | Noticed a caustic shrike
 74041 | Depths:4 | Killed a caustic shrike
 74041 | Depths:4 | Noticed a caustic shrike
 74075 | Depths:4 | Noticed a caustic shrike
 74075 | Depths:4 | Noticed a caustic shrike
 74078 | Depths:4 | Killed a caustic shrike
 74080 | Depths:4 | Killed a caustic shrike
 74081 | Depths:4 | Reached XP level 25. HP: 161/161 MP: 31/44
 74144 | Depths:4 | Found a shadowy altar of Dithmenos.
 74145 | Depths:4 | Found a shimmering altar of Xom.
 74495 | Depths:4 | Found a gate to the Realm of Zot.
 74504 | Zot:1    | Entered Level 1 of the Realm of Zot
 75922 | Zot:5    | Entered Level 5 of the Realm of Zot
 76416 | Zot:5    | Noticed an ancient lich
 76423 | Zot:5    | Killed an ancient lich
 76506 | Zot:5    | Noticed an orb of fire
 76512 | Zot:5    | Killed an orb of fire
 76769 | Zot:5    | Noticed an ancient lich
 76780 | Zot:5    | Killed an ancient lich
 76807 | Zot:5    | Noticed a dread lich
 76830 | Zot:5    | Killed a dread lich
 76988 | Zot:5    | Noticed an ancient lich
 76997 | Zot:5    | Killed an ancient lich
 77017 | Zot:5    | Noticed a Killer Klown
 77031 | Zot:5    | Killed a Killer Klown
 77078 | Zot:5    | Noticed a Killer Klown
 77088 | Zot:5    | Killed a Killer Klown
 77089 | Zot:5    | Reached XP level 26. HP: 170/170 MP: 38/45
 77282 | Zot:5    | Noticed an ancient lich
 77302 | Zot:5    | Killed an ancient lich
 77396 | Zot:5    | Reached skill level 25 in Shields
 77577 | Zot:5    | Got the Orb of Zot
 77589 | Zot:5    | Noticed a dread lich
 77594 | Zot:5    | Killed a dread lich
 78088 | D:12     | Noticed Ofio the pandemonium lord
 78137 | D:9      | Reached skill level 10 in Ice Magic
 78224 | D:6      | Noticed Heoqopav the pandemonium lord
 78302 | D:2      | Noticed Haofatal the pandemonium lord
 78321 | D:$      | Escaped with the Orb!

Illustrated notes

Levels and vault maps discovered:
D:1:      lemuel_arrival_lava_pool, layout_rooms,
          shapermc_ecumenical_altar_hornbeckon, minmay_misc_feat_tiny
D:2:      layout_basic, serial_shops, shop, uniq_natasha
D:3:      layout_rooms, mainiacjoe_overflow_alcove_2, chei_slow_surprise
D:4:      layout_rooms, minmay_temple_entry_butterflies, fountainhead,
          uniq_robin
D:5:      layout_loops_ring, grunt_temple_overflow_holy_war, old_standard_altar,
          minmay_misc_feat_four_crosses, uniq_sigmund
D:6:      layout_basic, mainiacjoe_overflow_brackets, old_standard_altar,
          enter_ossuary_2, nicolae_shop_self_help, uniq_crazy_yiuf_cottage
D:7:      layout_basic, serial_shops, shop, uniq_joseph
D:8:      layout_gridville, enter_bailey_3, chequers_decorated_corner
D:9:      layout_basic, mainiacjoe_overflow_six_doors_small, lair_entry_dummy
D:10:     layout_gridville, mainiacjoe_overflow_cross_hatched,
          minmay_misc_feat_doors, hangedman_feature_mirror, uniq_josephine,
          uniq_psyche, uniq_urug
D:11:     layout_basic, serial_shops, shop, nicolae_benzene_ring, bloody_makhleb
D:12:     layout_cave_pools, minmay_orc_entry_temple_small,
          gauntlet_entry_generic, nicolae_transmutations_shop
D:13:     layout_irregular_city, david_vaults_3, serial_undead, serial_undead_f,
          serial_undead_c, serial_undead_a, serial_undead_a, serial_undead_a,
          serial_undead_f, serial_undead_a, hangedman_glass_teeth,
          elyvilon_altar_3
D:14:     layout_cave_pools, hangedman_abyss_or_decor_clamps, uniq_roxanne
D:15:     gammafunk_depths_entry_grave, layout_loops_ring, doesnt_xom_only_xom,
          hangedman_abyss_or_decor_passed, nrook_loot_triangle, uniq_rupert,
          uniq_kirke
Temple:   nicolae_temple_figure_eight
Lair:1:   layout_regular_city, uniq_gastronok
Lair:2:   layout_loops_ring, dummy_snake_entry
Lair:3:   layout_loops_ring, st_stairs_7, serial_bayou_shore_a,
          grunt_megastairs_3
Lair:4:   minmay_lair_venomous_thicket, layout_gridlike,
          minmay_swamp_entry_swarm
Lair:5:   layout_cave_pods, slime_altar_2, portal_ice_cave_rime,
          grunt_megastairs_1
Lair:6:   evil_forest, layout_regular_city
Swamp:1:  nicolae_swamp_ascending_descending_big, layout_falls_marsh,
          evilmike_swamp_ruin_house_5, nicolae_swamp_drake_lake
Swamp:2:  layout_falls_marsh, nicolae_swamp_well_well_well
Swamp:3:  cheibrodos_swamp_tower_of_moss, layout_basic_swamp, serial_swamp_ruin,
          evilmike_swamp_ruin_house_1, evilmike_swamp_ruin_rubble_2, uniq_donald
Swamp:4:  nzn_swamp_witches_coven, layout_basic_swamp, swamp_pool2, uniq_aizul
Snake:1:  layout_basic, basic_altar, grunt_ministairs_3, grunt_megastairs_2
Snake:2:  layout_basic
Snake:3:  layout_basic, nicolae_snake_salamander_zone, uniq_vashnia, uniq_mara
Snake:4:  minmay_snake_end_coiled, layout_rooms
Orc:1:    layout_caves
Orc:2:    st_orc_ogre_mass, layout_caves, enter_volcano_2, uniq_jorgrun,
          uniq_snorg
Elf:1:    layout_loops_corners, kennysheep_underground_church
Elf:2:    elven_hall_of_blades_hangedman_original
          [nicolae_blade_entry_hurt_lockers], layout_gridlike, serial_shops,
          shop
Elf:3:    minmay_elf_hall_quartered_circle, layout_onion_city
Vaults:1: v_misc_24, hangedman_vaults_river_flow, hangedman_vaults_pinch,
          v_misc_8, grunt_vaults_trifunnel, vaults_mumra_chevron,
          nicolae_vaults_network_square, nicolae_vaults_octagons,
          ontoclasm_vaults_fault, nicolae_vaults_diagonal_hallway_9,
          vaults_mumra_hex, vaults_room_grunt_arrival_ludios,
          nicolae_vaults_ring_of_whatevers, vaults_room_semicircle,
          grunt_vaults_hallway_short, vaults_room_semicircle,
          ontoclasm_vaults_loading_screen, layout_vaults_omnibox
Vaults:2: vaults_room_octagon, hangedman_vaults_slice, v_rooms_3, v_misc_4,
          vaults_mumra_chevron_long, v_misc_18, v_rooms_4, vaults_room_grid,
          dpeg_vaults_monster_box, minmay_crypt_entry_necro_gods,
          nicolae_vaults_angled_halls, nicolae_vaults_diagonal_hallway_8,
          v_misc_19, hangedman_vaults_stretched_pinwheel,
          grunt_vaults_hallway_long, layout_vaults_ring, serial_shops,
          nicolae_shop_statue_plus
Vaults:3: serial_ice_b, nicolae_vaults_diagonal_hallway_7,
          ontoclasm_vaults_misaligned, nicolae_vaults_little_squares_3,
          v_pattern_5, ontoclasm_vaults_decontamination, v_misc_19,
          nicolae_vaults_shelves_hall, nicolae_vaults_what_the_h,
          vaults_room_stairs_pillars, vaults_dpeg_encased_lava,
          layout_vaults_big_room
Vaults:4: vaults_room_boxed, grunt_vaults_bifocal, nicolae_vaults_alarming,
          vaults_room_stairs_pillars, v_misc_14, ontoclasm_vaults_hangar,
          vaults_room_door_hall, nicolae_vaults_circle_grid_b,
          ontoclasm_vaults_bender, hangedman_vaults_trim,
          layout_vaults_quadrants, uniq_bai_suzhen
Vaults:5
Depths:1: minmay_bloctagon_deflated, layout_honeycomb, enter_ziggurat_b,
          grunt_decor_fettered, lightli_too_deep, st_stairs_8, nicolae_wwwww,
          nicolae_shop_clearance
Depths:2: minmay_four_inscribed_fans, layout_basic, pan_entry,
          serial_sigils_hangedman_stare, hell_entry, firewood_loft,
          minmay_staircase_bubble
Depths:3: thingy_vault_2, layout_gridlike,
          nicolae_abyss_entry_one_way_or_another, hell_entry, drop_trap,
          serial_bayou_shore_b, infiniplex_staircase_star, grunt_megastairs_4
Depths:4: hangedman_slaughterboxes, abyss_entry, hell_entry
Zot:1:    layout_gridlike
Zot:2:    layout_cathedral_of_symmetry, zot_minivault_1
Zot:3:    layout_basic, zot_minivault_6
Zot:4:    layout_concentric_octagons, hangedman_zot_decor_unnerving_road
Zot:5:    layout_misc_corridors, st_stairs_8, lemuel_baited_zot_trap

Skill      XL: |  1  2  3  4  5  6  7  8  9 10 11 12 13 14 15 16 17 18 19 20 21 22 23 24 25 26 |
---------------+-------------------------------------------------------------------------------+-----
Earth Magic    | 4 5 6 8 9 10 11 13 15 16 17 18 19 20 | 20.0
Spellcasting   | 3 4 5 6 7 9 10 11 13 14 15 16 17 18 | 18.5
Conjurations   | 1 2 3 4 5 7 9 10 11 12 13 14 15 16 | 16.1
Fighting       | 5 7 9 10 12 13 14 15 16 17 18 19 | 19.2
Dodging        | 4 6 7 9 10 11 12 13 14 | 14.8
Armour         | 3 6 8 |  8.0
Shields        | 2 4 9 13 16 18 19 20 21 22 23 24 25 | 25.0
Stealth        | 0 |  0.0
Transmutations | 4 6 |  6.0
Translocations | 3 |  3.0
Evocations     | 3 4 6 7 8 10 11 | 11.2
Ice Magic      | 2 6 9 10 | 10.0

Action                   |  1- 3 |  4- 6 |  7- 9 | 10-12 | 13-15 | 16-18 | 19-21 | 22-24 | 25-27 || total
-------------------------+-------+-------+-------+-------+-------+-------+-------+-------+-------++-------
Melee: Short sword       |    67 |    55 |       |       |       |       |       |       |       ||   122
       Dagger            |       |    15 |    40 |       |       |       |       |       |       ||    55
       Staff             |       |       |     1 |    42 |    65 |     8 |    22 |    22 |    21 ||   181
 Cast: Sandblast         |    14 |    71 |    47 |   170 |    69 |     7 |       |       |       ||   378
       Stone Arrow       |       |       |    86 |   216 |   696 |   139 |    17 |    10 |       ||  1164
       Lee's Rapid Decon |       |       |       |       |    22 |   266 |   254 |   130 |    63 ||   735
       Blink             |       |       |       |       |       |     1 |       |       |       ||     1
       Iron Shot         |       |       |       |       |       |    66 |   369 |   364 |   207 ||  1006
       Orb of Destructio |       |       |       |       |       |       |       |       |     1 ||     1
       Apportation       |       |       |       |       |       |       |       |       |     1 ||     1
Invok: Sacrifice Health  |       |       |       |     1 |     1 |       |       |       |       ||     2
       Sacrifice Love    |       |       |       |       |     1 |       |       |       |       ||     1
       Sacrifice Arcana  |       |       |       |       |     1 |       |       |       |       ||     1
       Draw Out Power    |       |       |       |       |     6 |     3 |     9 |     3 |     1 ||    22
       Apocalypse        |       |       |       |       |     4 |     9 |     8 |    10 |     1 ||    32
       Sacrifice Words   |       |       |       |       |     1 |       |       |       |       ||     1
       Sacrifice Stealth |       |       |       |       |     1 |       |       |       |       ||     1
       Reject Sacrifices |       |       |       |       |     1 |       |       |       |       ||     1
Evoke: Wand              |       |       |     3 |    10 |       |       |       |     2 |    12 ||    27
       Lightning rod     |       |       |       |     4 |       |       |       |       |       ||     4
       Tin of tremorston |       |       |       |     2 |     4 |     2 |       |     2 |       ||    10
  Use: Scroll            |       |     3 |     9 |     5 |    14 |     7 |     4 |     7 |     8 ||    57
       Potion            |       |       |       |       |     3 |     1 |       |     1 |     5 ||    10
 Stab: Sleeping          |     4 |     2 |     1 |       |       |       |       |       |       ||     7
       Distracted        |       |       |       |       |     3 |       |       |       |       ||     3
       Paralysed         |       |       |       |       |       |       |     3 |       |       ||     3
Armor: Robe              |    24 |    38 |    51 |    54 |    82 |   102 |    43 |    29 |    32 ||   455
       Scale mail        |       |       |       |    81 |   234 |       |       |       |       ||   315
Dodge: Dodged            |    59 |    62 |    45 |   101 |   163 |    67 |    29 |    22 |    28 ||   576
Block: Buckler           |       |       |       |    46 |   125 |    72 |       |       |       ||   243
       Tower shield      |       |       |       |       |       |    34 |   176 |   136 |    97 ||   443

Table legend: (Time is in decaauts)
 A = Elapsed time spent in this place.
 B = Non-inter-level travel time spent in this place.
 C = Inter-level travel time spent in this place.
 D = Time resting spent in this place.
 E = Time spent auto-exploring this place.
 F = Levels seen in this place.
 G = Mean time per level.
                   A        B        C        D        E       F      G
               +--------+--------+--------+--------+--------+-----+--------+
         Total |  78465 |  74825 |   3640 |  35522 |  28346 |  61 | 1286.3 |
       Dungeon |  19842 |  18617 |   1225 |   6679 |   9468 |  15 | 1322.8 |
        Temple |    213 |    202 |     11 |      0 |    202 |   1 |  213.0 |
          Lair |  11069 |  10455 |    614 |   5243 |   3848 |   6 | 1844.8 |
         Swamp |   5176 |   5018 |    158 |   2842 |   1578 |   4 | 1294.0 |
     Snake Pit |   6774 |   6590 |    184 |   2860 |   2764 |   4 | 1693.5 |
  Orcish Mines |   2038 |   1987 |     51 |    945 |    571 |   2 | 1019.0 |
   Elven Halls |   5615 |   5509 |    106 |   2713 |   1969 |   3 | 1871.7 |
        Vaults |  12467 |  11697 |    770 |   6145 |   4020 |   5 | 2493.4 |
        Depths |   6333 |   5880 |    453 |   2392 |   2582 |   4 | 1583.2 |
           Zot |   3294 |   3229 |     65 |   2225 |    255 |   5 |  658.8 |
      Ziggurat |    926 |    926 |      0 |    712 |     14 |   7 |  132.3 |
       Ossuary |    586 |    586 |      0 |    386 |    113 |   1 |  586.0 |
        Bailey |    946 |    946 |      0 |    482 |    209 |   1 |  946.0 |
      Ice Cave |   2071 |   2071 |      0 |   1301 |    485 |   1 | 2071.0 |
       Volcano |    407 |    407 |      0 |    235 |    101 |   1 |  407.0 |
      Gauntlet |    700 |    700 |      0 |    362 |    167 |   1 |  700.0 |
               +--------+--------+--------+--------+--------+-----+--------+

Top non-repeatable levels by time:
Vaults:4: 4483 daAuts
     D:2: 2617 daAuts
  Lair:3: 2488 daAuts
Vaults:1: 2481 daAuts
Depths:3: 2352 daAuts
 Snake:3: 2307 daAuts
   Elf:1: 2264 daAuts
   Elf:3: 2235 daAuts
   IceCv: 2071 daAuts
Vaults:2: 2021 daAuts
  Lair:5: 1914 daAuts
 Swamp:4: 1913 daAuts
  Lair:6: 1885 daAuts
  Lair:4: 1846 daAuts
Vaults:3: 1838 daAuts
